 Dungeon Crawl Stone Soup version 0.25.0-9-g26727b657a (webtiles) character file.

Game seed: 3192136731536898848

837 mopl the Insei (level 8, -1/43 HPs)
             Began as a Kobold Transmuter on June 17, 2020.
             Was a Follower of Kikubaaqudgha.
             Slain by an orc
             ... wielding a cursed +0 flail
              (6 damage)
             ... on level 4 of the Dungeon.
             The game lasted 00:08:54 (4740 turns).

mopl the Insei (Kobold Transmuter)                  Turns: 4740, Time: 00:08:55

Health: -1/43      AC:  2    Str: 10    XL:     8   Next: 19%
Magic:  6/14       EV: 20    Int: 14    God:    Kikubaaqudgha [*.....]
Gold:   317        SH:  0    Dex: 20    Spells: 4/16 levels left

rFire    . . .     SeeInvis .     - Unarmed
rCold    . . .     Gourm    .   (shield currently unavailable)
rNeg     . . .     Faith    .   (armour currently unavailable)
rPois    x         Spirit   .   (helmet currently unavailable)
rElec    .         Reflect  .   (cloak currently unavailable)
rCorr    .         Harm     .   (gloves currently unavailable)
MR       .....                  (boots currently unavailable)
Stlth    ++........             (no amulet)
HPRegen  0.14/turn              (no ring)
MPRegen  0.14/turn              (no ring)

@: spider-form, very slightly contaminated
A: tiny, carnivore
a: End Transformation, Receive Corpses, Renounce Religion


You were on level 4 of the Dungeon.
You worshipped Kikubaaqudgha.
Kikubaaqudgha was aware of your devotion.
You were very full.
You were a venomous arachnid creature.
You visited 1 branch of the dungeon, and saw 5 of its levels.

You collected 317 gold pieces.

Inventory:

Hand Weapons
 b - a +1 hunting sling
Missiles
 a - 34 arrows
 g - 111 stones (quivered)
 q - 2 boomerangs
Armour
 i - a +0 buckler
 j - a +0 robe (melded)
 r - the cursed +0 pair of gloves of the Secret Eyes (melded) {rPois Stlth+}
   (You found it on level 4 of the Dungeon)

   It protects you from poison.
   It makes you more stealthy.
   It has a curse placed upon it.
 w - the cursed +0 helmet "Yrheblo" (melded) {Regen+}
   (You found it on level 5 of the Dungeon)

   It increases your rate of regeneration.
   It has a curse placed upon it.
Wands
 o - a wand of polymorph (10)
 t - a wand of iceblast (9)
Scrolls
 c - a scroll of random uselessness {unknown}
 e - a scroll of enchant weapon
 f - a scroll of immolation {unknown}
 l - 4 scrolls of teleportation
 m - a scroll of noise {unknown}
 s - 2 scrolls of fear {unknown}
 u - a scroll of blinking {unknown}
 v - 2 scrolls of amnesia {unknown}
Potions
 h - a potion of flight
 k - a potion of curing
 n - 2 potions of might {unknown}
 p - a potion of lignification {unknown}
Comestibles
 d - 8 rations
 x - 3 chunks of flesh


   Skills:
 - Level 1.1 Fighting
 - Level 2.4 Dodging
 * Level 6.0 Unarmed Combat
 + Level 4.5 Spellcasting
 + Level 2.7 Translocations
 + Level 4.2 Transmutations
 + Level 0.8 Ice Magic
 - Level 2.0 Poison Magic


You had 4 spell levels left.
You knew the following spells:

 Your Spells              Type           Power        Failure   Level  Hunger
a - Beastly Appendage     Tmut           ###...       11%         1    None
b - Spider Form           Tmut/Pois      ##........   34%         3    ###....
d - Ice Form              Ice/Tmut       ##......     75%         4    ####...
e - Blink                 Tloc           N/A          22%         2    ##.....
w - Sticks to Snakes      Tmut           ###.....     14%         2    ##.....

Your spell library contained the following spells:

 Spells                   Type           Power        Failure   Level  Hunger
 Magic Dart               Conj           #...         38%         1    None
 Pain                     Necr           #...         38%         1    None
 Call Imp                 Summ           #.......     50%         2    ##.....
 Corpse Rot               Necr/Air       N/A          50%         2    ##.....
 Slow                     Hex            #.......     50%         2    ##.....
 Sublimation of Blood     Necr           #.........   50%         2    ##.....
 Mephitic Cloud           Conj/Pois/Air  #.......     61%         3    ###....
 Conjure Flame            Conj/Fire      #.......     71%         3    ###....
 Vampiric Draining        Necr           #.........   71%         3    ###....
 Blade Hands              Tmut           ###.......   83%         5    ######.


Dungeon Overview and Level Annotations

Branches:
Dungeon (5/15)
 Temple: D:4-7

Altars:
Kikubaaqudgha
Zin


Innate Abilities, Weirdness & Mutations

You are small and have problems with some larger weapons.
You are carnivorous and can eat meat at any time.


Message History

* * * LOW HITPOINT WARNING * * *
You hit the orc.
The orc looks as sick as possible!
The orc is severely wounded.
You kill the orc!
Kikubaaqudgha accepts your kill. The crimson imp hits you.
* * * LOW HITPOINT WARNING * * *
Unknown command.
You barely miss the orc. The orc barely misses you.
The crimson imp closely misses you.
You hit the orc.
The orc is poisoned.
The orc is lightly wounded.
The orc hits you with a cursed +0 flail.
* * * LOW HITPOINT WARNING * * *
The crimson imp hits you but does no damage.
You hit the orc but do no damage.
The orc is lightly wounded.
The orc hits you with a cursed +0 flail.
You die...
Kikubaaqudgha rasps: "You have failed me!
Welcome... death!"

....[..........#.# #.#######
#####'####...#.#.########.#......
#.#.................#.#.#####
#.#.######.#.######.#.#.# #.#.#
#.#.# #.#.#.#
#.#.######.#.######.#.#.#
#.#...............#.#.#.#####
#.#########5o##.....#.#.....#
#..........)s##.#.###.#.###.#
###############.#.# #.#.# #.#
#.#.###.#####.#
#####.#...........#
##.....#####.####### #########
#.........##.#
........######............#######
........##.........###...........
........##.........##############


You could see a crimson imp and an orc (very poisoned).

Vanquished Creatures
  Eustachio (D:4)
  2 phantoms (D:4)
  2 crimson imps (D:5)
  2 hounds (D:4)
  2 orc priests
  An iguana (D:4)
  3 worker ants (D:4)
  Natasha (thrice) (D:4)
  2 hound skeletons (D:5)
  A gnoll (D:4)
  4 adders
  A shadow imp (D:4)
  An ooze (D:1)
  An adder skeleton (D:5)
  A worm (D:4)
  A dart slug (D:1)
  3 leopard geckos
  10 orcs
  6 giant cockroaches
  7 goblins
  5 hobgoblins (D:1)
  A jackal (D:1)
  5 quokkas
  9 bats
  5 frilled lizards
  7 kobolds
  7 rats
93 creatures vanquished.

Notes
Turn   | Place    | Note
-------+----------+-------------------------------------------
     0 | D:1      | mopl the Kobold Transmuter began the quest for the Orb.
     0 | D:1      | Reached XP level 1. HP: 12/12 MP: 3/3
   202 | D:1      | Reached XP level 2. HP: 12/16 MP: 3/5
   206 | D:1      | Learned a level 2 spell: Sticks to Snakes
   432 | D:1      | Reached XP level 3. HP: 17/20 MP: 4/6
   437 | D:1      | Learned a level 3 spell: Spider Form
  1180 | D:2      | Reached XP level 4. HP: 21/25 MP: 5/7
  1575 | D:3      | Reached skill level 4 in Unarmed Combat
  1575 | D:3      | Reached skill level 1 in Poison Magic
  1643 | D:3      | Found a faded altar of an unknown god.
  1647 | D:3      | Reached XP level 5. HP: 22/29 MP: 9/9
  1655 | D:3      | Became a worshipper of Kikubaaqudgha
  1655 | D:3      | Reached * piety under Kikubaaqudgha
  1655 | D:3      | Identified Kikubaaqudgha's Compendium of Stolen Souls
                  | (Kikubaaqudgha gifted it to you on level 3 of the Dungeon)
  1655 | D:3      | Received a gift from Kikubaaqudgha
  1765 | D:3      | Learned a level 2 spell: Blink
  1946 | D:4      | Noticed a phantom
  2025 | D:4      | Killed a phantom
  2025 | D:4      | Reached skill level 1 in Translocations
  2025 | D:4      | Reached XP level 6. HP: 10/34 MP: 3/10
  2300 | D:4      | Noticed a phantom
  2342 | D:4      | HP: 1/34 [orc/+0 mace (4)]
  2680 | D:4      | Got a pair of spiked gloves
  2686 | D:4      | Identified the cursed +0 pair of gloves of the Secret Eyes
                  | {rPois Stlth+} (You found it on level 4 of the Dungeon)
  2817 | D:4      | Noticed Eustachio
  2839 | D:4      | Killed Eustachio
  2839 | D:4      | Reached skill level 5 in Unarmed Combat
  2839 | D:4      | Reached XP level 7. HP: 30/38 MP: 4/12
  3281 | D:4      | Noticed Natasha
  3291 | D:4      | Killed Natasha
  3375 | D:4      | Noticed Natasha
  3387 | D:4      | Killed Natasha
  3838 | D:4      | Noticed Natasha
  3854 | D:4      | Killed Natasha
  4076 | D:5      | Entered Level 5 of the Dungeon
  4108 | D:5      | Learned a level 4 spell: Ice Form
  4118 | D:5      | Reached XP level 8. HP: 43/43 MP: 12/14
  4287 | D:5      | Found a glowing silver altar of Zin.
  4309 | D:5      | Got a crude helmet
  4323 | D:5      | Identified the cursed +0 helmet "Yrheblo" {Regen+} (You
                  | found it on level 5 of the Dungeon)
  4363 | D:5      | Reached skill level 6 in Unarmed Combat
  4740 | D:4      | Slain by an orc

Illustrated notes

Levels and vault maps discovered:
D:1:      dpeg_cavernosity, layout_loops_ring, hangedman_decor_lopped
D:2:      layout_rooms
D:3:      layout_rooms, chequers_ecumenical_altar_simple_redux,
          minmay_misc_feat_rugged
D:4:      layout_basic, first_ration, kennysheep_generic_room_6, uniq_natasha,
          uniq_eustachio
D:5:      layout_rooms, lemuel_crystal_altar

Skill      XL: |  1  2  3  4  5  6  7  8 |
---------------+-------------------------+-----
Unarmed Combat | 4 5 6 |  6.0
Poison Magic   | 1 2 |  2.0
Spellcasting   | 3 4 |  4.5
Translocations | 1 2 |  2.7
Transmutations | 3 4 |  4.2
Fighting       | |  1.1
Dodging        | |  2.4
Ice Magic      | |  0.8

Action                   |  1- 3 |  4- 6 |  7- 9 || total
-------------------------+-------+-------+-------++-------
Melee: Unarmed           |   126 |   169 |   137 ||   432
       Kick              |    20 |    10 |    14 ||    44
       Punch             |     2 |     2 |     1 ||     5
 Cast: Beastly Appendage |    19 |    11 |     7 ||    37
       Spider Form       |       |     5 |    10 ||    15
       Sticks to Snakes  |       |     3 |       ||     3
  Use: Scroll            |     2 |     2 |       ||     4
 Stab: Sleeping          |     3 |     1 |     2 ||     6
  Eat: Chunk             |    10 |     6 |     7 ||    23
Armor: Robe              |    17 |    27 |     6 ||    50
       Skin              |       |     3 |     4 ||     7
Dodge: Dodged            |   101 |   153 |   123 ||   377
